 Dungeon Sprint DCSS version 0.26-a0-682-g294304f6e8 (webtiles) character file.

Game seed: 3924982967118446399

10020 mhtbhm the Severer (level 11, -3/123 HPs)
             Began as a Minotaur Fighter on Oct 20, 2020.
             Was a High Priest of Okawaru.
             Killed from afar by Frances (22 damage)
             ... with an iron shot
             ... in the Dungeon (Sprint III: "The Ten Rune Challenge").
             The game lasted 00:05:37 (2790 turns).

mhtbhm the Severer (Minotaur Fighter)               Turns: 2790, Time: 00:05:38

Health: -3/123     AC: 12    Str: 24    XL:     11   Next: 30%
Magic:  10/10      EV: 13    Int:  5    God:    Okawaru [*****.]
Gold:   3750       SH: 13    Dex: 10    Spells: 10/10 levels left

rFire    . . .     SeeInvis .   a - +0 war axe
rCold    . . .     Faith    .   c - +0 kite shield
rNeg     . . .     Spirit   .   b - +0 scale mail
rPois    .         Reflect  .   (helmet restricted)
rElec    .         Harm     .   (no cloak)
rCorr    .         Rampage  .   (no gloves)
MR       .....     NoTele   +   (no boots)
Stlth    +.........             (no amulet)
HPRegen  0.30/turn              (no ring)
MPRegen  0.12/turn              (no ring)

@: no status effects
A: retaliatory headbutt, horns 2, yellow scales 1, robust 1
a: Heroism, Finesse, Renounce Religion


You were in the Dungeon.
You worshipped Okawaru.
Okawaru was extremely pleased with you.
You visited 1 branch You collected 3750 gold pieces.

Inventory:

Hand Weapons
 a - a +0 war axe (weapon)
Armour
 b - a +0 scale mail (worn)
 c - a +0 kite shield (worn)
Scrolls
 i - 2 scrolls of immolation {unknown}
 k - a scroll of magic mapping {unknown}
 l - 5 scrolls of remove curse
 n - a scroll of fear {unknown}
Potions
 g - a potion of haste
 h - 2 potions of magic
 m - 3 potions of flight
 o - 4 potions of mutation
Miscellaneous
 p - a condenser vane (1/2)


   Skills:
 + Level 15.0 Fighting
 + Level 17.8 Axes
 + Level 15.3 Armour
 + Level 7.6 Dodging
 + Level 3.5 Stealth
 + Level 14.2 Shields
 + Level 3.0 Evocations


You had 10 spell levels left.
You didn't know any spells.
Your spell library contained the following spells:

 Spells                   Type           Power        Failure   Level
 Animate Skeleton         Necr           #.....       73%         1
 Apportation              Tloc           #.....       73%         1
 Corona                   Hex            #......      73%         1
 Magic Dart               Conj           #...         73%         1
 Summon Small Mammal      Summ           #...         73%         1
 Blink                    Tloc           N/A          86%         2
 Call Imp                 Summ           #.......     86%         2
 Slow                     Hex            #.......     86%         2
 Conjure Flame            Conj/Fire      #.......     97%         3
 Mephitic Cloud           Conj/Pois/Air  #.......     97%         3


Dungeon Overview and Level Annotations

Branches:
Dungeon (1/1)

Altars:
Cheibriados
Dithmenos
Elyvilon
Fedhas
Gozag
Hepliaklqana
Kikubaaqudgha
Makhleb
Nemelex Xobeh
Okawaru
Qazlal
Ru
Sif Muna
Trog
Uskayaw
Vehumet
Wu Jian
Xom
Yredelemnul
Zin
The Shining One
Beogh
Jiyva
Lugonu

Shops:
D }

Annotations:
D Frances


Innate Abilities, Weirdness & Mutations

You reflexively headbutt those who attack you in melee.
You have a pair of horns on your head.
You are partially covered in yellow scales. (AC +2)
You are robust. (+10% HP)


Message History

You kill the ufetubus!
The sixfirhy is engulfed in blazing flames.
The ufetubus is engulfed in blazing flames.
You kill the ufetubus!
The ufetubus is engulfed in blazing flames.
You kill the ufetubus!
The ufetubus is engulfed in poison gas.
The ufetubus looks even sicker.
You kill the ufetubus!
Frances is engulfed in poison gas.
Frances looks as sick as possible!
The sixfirhy is engulfed in blazing flames.
The sixfirhy completely misses you. You furiously retaliate!
You headbutt the sixfirhy.
The ufetubus is engulfed in poison gas.
The ufetubus is poisoned.
You block the red devil's attack.
Unknown command.
You slice the sixfirhy!!
You kill the sixfirhy!
Frances is engulfed in poison gas.
Frances looks as sick as possible!
Frances screams a word of power!
The iron shot hits you!!
You die...

#'###########################
#..≈§§§§#.(...'.#.#.#.'.††≈≈#
#.#§§≈#§#.#.).##.#.#.##†.†≈≈#
'.#§§§#.#.#)).#.#.#.#.#.†.≈≈≈≈#
#.#.§§#...#...##.#.#.##..††≈≈≈#
▓▓▓▓▓▓▓▓▓▓▓▓▓▓#.#.#.#.#.......#
........≈≈≈...##.#.#.##.......#
≈≈≈≈≈≈≈≈≈≈♣♣P.'.#.#.#.#...†...#
♣♣♣♣♣♣♣♣♣♣♣♣PP##@#.#.##########
♣♣♣##§##### 4@§ #§53# #§§§#
#####


You could see Frances (fast, extremely poisoned), a ynoxinul (summoned), a red
devil (summoned) and an ufetubus (summoned, poisoned).

Vanquished Creatures
  Donald (D)
  Snorg (D)
  A centaur warrior (D)
  An orc high priest (D)
  An unseen horror (D)
  6 deep elf magi (D)
  A queen bee (D)
  3 wandering mushrooms (D)
  A shadow (D)
  A spatial vortex (D)
  5 orc warriors (D)
  A necrophage (D)
  2 centaurs (D)
  An earth elemental (D)
  A water elemental (D)
  A scorpion (D)
  32 killer bees (D)
  A jelly (D)
  An orc wizard (D)
  A wizard (D)
  A necromancer (D)
  3 humans (D)
  A kobold demonologist (D)
  An ooze (D)
  9 orcs (D)
  A bat (D)
  A kobold (D)
  3 rats (D)
83 creatures vanquished.

Notes
Turn   | Place    | Note
-------+----------+-------------------------------------------
     0 | D        | mhtbhm the Minotaur Fighter began the quest for the Orb.
     0 | D        | Reached XP level 1. HP: 19/19 MP: 0/0
    81 | D        | Reached skill level 5 in Fighting
    81 | D        | Reached skill level 3 in Axes
    81 | D        | Reached skill level 5 in Armour
    81 | D        | Reached skill level 5 in Shields
    81 | D        | Reached XP level 2. HP: 19/29 MP: 1/1
   257 | D        | Noticed a scorpion
   273 | D        | Killed a scorpion
   273 | D        | Reached skill level 5 in Axes
   273 | D        | Reached XP level 3. HP: 20/37 MP: 2/2
   273 | D        | Reached XP level 4. HP: 23/44 MP: 3/3
   297 | D        | Gained mutation: You are partially covered in yellow
                  | scales. (AC +2) [potion of mutation]
   297 | D        | Gained mutation: You are robust. (+10% HP) [potion of
                  | mutation]
   497 | D        | Noticed a water elemental
   503 | D        | Killed a water elemental
   503 | D        | Reached skill level 6 in Axes
   503 | D        | Reached skill level 1 in Dodging
   709 | D        | Found a hide-covered altar of Uskayaw.
   709 | D        | Found a roughly hewn altar of Beogh.
   709 | D        | Found an iron altar of Okawaru.
   709 | D        | Found a bloodstained altar of Trog.
   709 | D        | Found an ornate altar of the Wu Jian Council.
   709 | D        | Noticed a human
   709 | D        | Noticed a human
   712 | D        | Killed a human
   712 | D        | Reached skill level 8 in Axes
   712 | D        | Reached XP level 5. HP: 53/58 MP: 4/4
   723 | D        | Killed a human
   723 | D        | Reached skill level 9 in Axes
   723 | D        | Reached XP level 6. HP: 14/69 MP: 5/5
   726 | D        | Became a worshipper of Warmaster Okawaru
   988 | D        | Found a basalt altar of Yredelemnul.
   988 | D        | Found a shadowy altar of Dithmenos.
   988 | D        | Found a sacrificial altar of Ru.
   994 | D        | Reached skill level 10 in Axes
   997 | D        | Reached XP level 7. HP: 59/77 MP: 6/6
  1080 | D        | Found a radiant altar of Vehumet.
  1080 | D        | Found a shimmering blue altar of Sif Muna.
  1080 | D        | Found an ancient bone altar of Kikubaaqudgha.
  1128 | D        | Found a glowing silver altar of Zin.
  1128 | D        | Found a glowing golden altar of the Shining One.
  1128 | D        | Found a white marble altar of Elyvilon.
  1129 | D        | Noticed a deep elf mage
  1138 | D        | Killed a deep elf mage
  1138 | D        | Reached * piety under Okawaru
  1138 | D        | Reached skill level 10 in Fighting
  1138 | D        | Reached skill level 11 in Axes
  1138 | D        | Reached skill level 10 in Armour
  1276 | D        | Noticed a shadow
  1280 | D        | Reached skill level 12 in Axes
  1285 | D        | Killed a shadow
  1285 | D        | Reached ** piety under Okawaru
  1285 | D        | Reached XP level 8. HP: 53/88 MP: 7/7
  1429 | D        | Found a blossoming altar of Fedhas.
  1429 | D        | Found a stormy altar of Qazlal.
  1429 | D        | Found a snail-covered altar of Cheibriados.
  1429 | D        | Found a burning altar of Makhleb.
  1429 | D        | Found a shimmering altar of Xom.
  1430 | D        | Found a hazy altar of Hepliaklqana.
  1430 | D        | Found an opulent altar of Gozag.
  1430 | D        | Found a sparkling altar of Nemelex Xobeh.
  1430 | D        | Found a corrupted altar of Lugonu.
  1430 | D        | Found a viscous altar of Jiyva.
  1442 | D        | Reached skill level 10 in Shields
  1461 | D        | Noticed Snorg
  1482 | D        | Killed Snorg
  1482 | D        | Reached skill level 13 in Axes
  1482 | D        | Reached skill level 1 in Stealth
  1482 | D        | Reached XP level 9. HP: 10/97 MP: 8/8
  1881 | D        | Noticed a centaur warrior
  1890 | D        | Killed a centaur warrior
  1890 | D        | Reached skill level 14 in Axes
  1890 | D        | Reached skill level 1 in Evocations
  1957 | D        | Killed an unseen horror
  1957 | D        | Reached *** piety under Okawaru
  1957 | D        | Reached skill level 15 in Axes
  1957 | D        | Reached skill level 5 in Dodging
  2015 | D        | Noticed a wandering mushroom
  2019 | D        | Noticed a wandering mushroom
  2021 | D        | Noticed a wandering mushroom
  2245 | D        | Reached XP level 10. HP: 104/110 MP: 9/9
  2246 | D        | Reached **** piety under Okawaru
  2250 | D        | Reached skill level 16 in Axes
  2353 | D        | Noticed an orc high priest
  2359 | D        | Received a gift from Okawaru
  2361 | D        | Killed an orc high priest
  2391 | D        | Found a roughly hewn altar of Beogh.
  2391 | D        | Found Zeveank's Gadget Shop.
  2461 | D        | Noticed a deep elf mage
  2461 | D        | Noticed a deep elf mage
  2461 | D        | Noticed a deep elf mage
  2461 | D        | Noticed a deep elf mage
  2461 | D        | Noticed a deep elf mage
  2471 | D        | Killed a deep elf mage
  2474 | D        | Killed a deep elf mage
  2474 | D        | Reached ***** piety under Okawaru
  2474 | D        | Reached skill level 17 in Axes
  2476 | D        | Killed a deep elf mage
  2476 | D        | Reached XP level 11. HP: 122/122 MP: 10/10
  2482 | D        | Killed a deep elf mage
  2482 | D        | Reached skill level 15 in Armour
  2486 | D        | Killed a deep elf mage
  2488 | D        | Noticed a deep elf demonologist
  2592 | D        | Noticed a deep elf mage
  2592 | D        | Noticed a deep elf high priest
  2592 | D        | Noticed a deep elf death mage
  2593 | D        | Noticed an Executioner
  2695 | D        | Noticed a deep elf annihilator
  2695 | D        | Noticed a deep elf blademaster
  2771 | D        | Noticed Donald
  2771 | D        | Noticed Frances
  2780 | D        | Noticed a sixfirhy
  2787 | D        | Killed Donald
  2787 | D        | Received a gift from Okawaru
  2787 | D        | Reached skill level 15 in Fighting
  2790 | D        | Killed from afar by Frances

Illustrated notes

Levels and vault maps discovered:
D:        dungeon_sprint_mu [sprint_mu_entry_forest, sprint_mu_temple_rooms,
          sprint_mu_d1_horrors, sprint_mu_d2_genie, sprint_mu_d3_branching,
          sprint_mu_orc_legion, sprint_mu_elf_gauntlet, sprint_mu_hive_nellie,
          sprint_mu_lair_fedhas, sprint_mu_vaults_butterflies,
          sprint_mu_slime_circle, sprint_mu_shoals_archi,
          sprint_mu_snake_twists, sprint_mu_blade_basic,
          sprint_mu_crypt_chambers, sprint_mu_tomb_spiral,
          sprint_mu_vestibule_basic, sprint_mu_gehenna_hellfire,
          sprint_mu_dis_giant, sprint_mu_tartarus_statrot,
          sprint_mu_cocytus_islands, sprint_mu_zot1]

Skill      XL: |  1  2  3  4  5  6  7  8  9 10 11 |
---------------+----------------------------------+-----
Fighting       | 5 6 8 9 10 11 12 14 15 | 15.0
Armour         | 5 8 9 10 12 13 14 15 | 15.3
Shields        | 5 6 7 8 9 10 11 13 14 | 14.2
Axes           | 3 5 8 9 10 12 13 15 17 | 17.8
Dodging        | 1 2 3 4 5 6 7 |  7.6
Stealth        | 1 2 3 |  3.5
Evocations     | 1 2 3 |  3.0

Action                   |  1- 3 |  4- 6 |  7- 9 | 10-12 || total
-------------------------+-------+-------+-------+-------++-------
Melee: War axe           |    29 |    26 |   101 |    59 ||   215
       Headbutt          |     2 |     2 |    27 |    12 ||    43
Evoke: Condenser vane    |       |       |     3 |     5 ||     8
  Use: Potion            |     1 |     2 |     1 |     2 ||     6
       Scroll            |       |       |     1 |       ||     1
 Stab: Confused          |       |       |       |     2 ||     2
Armor: Scale mail        |     8 |     7 |    24 |    14 ||    53
Dodge: Dodged            |    12 |     3 |    29 |     9 ||    53
Block: Kite shield       |    15 |    12 |    33 |    31 ||    91

Table legend: (Time is in decaauts)
 A = Elapsed time spent in this place.
 B = Non-inter-level travel time spent in this place.
 C = Inter-level travel time spent in this place.
 D = Time resting spent in this place.
 E = Time spent auto-exploring this place.
 F = Levels seen in this place.
 G = Mean time per level.
                   A        B        C        D        E       F      G
               +--------+--------+--------+--------+--------+-----+--------+
         Total |   2792 |   2792 |      0 |   2028 |      1 |   1 | 2792.0 |
       Dungeon |   2792 |   2792 |      0 |   2028 |      1 |   1 | 2792.0 |
               +--------+--------+--------+--------+--------+-----+--------+

Top non-repeatable levels by time:
       D: 2792 daAuts
